 Dungeon Crawl Stone Soup version 0.16.2-12-gd0ad4c3 (webtiles) character file.

79 dvd the Shield-Bearer (level 4, 0/37 HPs)
             Began as a Formicid Fighter on Sept 19, 2015.
             Killed from afar by dvd's ghost (14 damage)
             ... with a stone arrow
             ... on level 3 of the Dungeon.
             The game lasted 00:10:30 (1817 turns).

dvd the Shield-Bearer (Formicid Fighter)            Turns: 1817, Time: 00:10:30

Health: 0/37       AC:  9    Str: 26    XL:     4   Next: 62%
Magic:  5/5        EV:  7    Int:  8    God:
Gold:   123        SH: 10    Dex: 10    Spells: 0 memorised, 3 levels left

rFire  . . .     SeeInvis +     u - +1 mace (crush)
rCold  . . .     Clarity  .     i - +0 chain mail
rNeg   . . .     SustAb   .     c - +0 shield
rPois  .         Gourm    .     (helmet unavailable)
rElec  .         Spirit   .     (no cloak)
rCorr  .         Warding  .     (no gloves)
rMut   .         Stasis   +     (no boots)
MR     .....                    (no amulet)
Stlth  ..........               (no ring)
                                (no ring)

@: mighty, not resistant to hostile enchantments, extremely unstealthy
A: permanent stasis, dig shafts and tunnels, four strong arms, antennae 3
a: Dig, Shaft Self


You were on level 3 of the Dungeon.
You were not hungry.

You visited 1 branch of the dungeon, and saw 3 of its levels.

You collected 123 gold pieces.

Inventory:

Hand weapons
 a - a +0 war axe
 u - a +1 mace of crushing (weapon)
Armour
 b - a +0 scale mail
 c - a +0 shield (worn)
 i - a +0 chain mail (worn)
Jewellery
 s - an uncursed ring of protection from cold {unknown}
Scrolls
 f - a scroll of blinking {unknown}
 h - 3 scrolls of teleportation {unknown}
 l - a scroll of amnesia {unknown}
 m - 2 scrolls of magic mapping {unknown}
 p - a scroll of random uselessness {unknown}
 q - a scroll of immolation {unknown}
 r - a scroll of enchant armour {unknown}
 t - a scroll of noise {unknown}
 v - a scroll of identify {unknown}
 w - 2 scrolls of remove curse
Potions
 j - a potion of agility {unknown}
 o - a potion of brilliance {unknown}
Comestibles
 d - a bread ration
 g - a fruit
 k - a beef jerky
 n - a slice of pizza
 x - a meat ration
 z - 5 chunks of flesh


   Skills:
 + Level 4.1 Fighting
 + Level 2.5 Axes
 + Level 0.2(1.5) Maces & Flails
 + Level 3.8 Armour
 + Level 0.3 Dodging
 + Level 0.3 Stealth
 + Level 4.3 Shields


You had 3 spell levels left.
You didn't know any spells.

Dungeon Overview and Level Annotations

Branches:
Dungeon (3/15)

Altars:

Annotations:
D:2 Terence
D:3 dvd's ghost, average FoEE


Innate Abilities, Weirdness & Mutations

You are under a permanent stasis effect.
You can dig through walls and to a lower floor.
Your four strong arms can wield two-handed weapons with a shield.
You have a pair of large antennae on your head (SInv).


Message History

Dvd's ghost hits you but does no damage.
You block dvd's ghost's attack.
You hit dvd's ghost.
Dvd's ghost is moderately damaged.
Dvd's ghost hits you.
You closely miss dvd's ghost.
Dvd's ghost is moderately damaged.
Dvd's ghost points at you and mumbles some strange words.
The rocky blast hits you! You block dvd's ghost's attack.
You sock dvd's ghost!
Dvd's ghost is severely damaged.
Dvd's ghost hits you.
You closely miss dvd's ghost.
Dvd's ghost is severely damaged.
You block dvd's ghost's attack. Dvd's ghost barely misses you.
You closely miss dvd's ghost.
Dvd's ghost is heavily damaged.
Dvd's ghost gestures at you while chanting.
The stone arrow hits you!
You die...

.#..............
...................
...........#.........
........%).#..........
...........#...........
#..........#...........
...........#...........
..........#............
......>.......@W....#
###.......#....######
#...............####
.......##...........#
......##...........#
.....##...........#
.... #...........# ...
#...........
##'##.......


You could see dvd's ghost.

Vanquished Creatures
  2 adders (D:2)
  2 giant mites
  A giant gecko (D:2)
  An ooze (D:1)
  4 orcs (D:3)
  5 bats
  2 giant cockroaches (D:1)
  5 goblins
  4 hobgoblins
  4 kobolds
  A quokka (D:2)
  A ball python (D:2)
  2 giant newts (D:2)
  7 rats
41 creatures vanquished.

Vanquished Creatures (others)
  A bat (D:1)
1 creature vanquished.

Grand Total: 42 creatures vanquished

Notes
Turn   | Place    | Note
--------------------------------------------------------------
     0 | D:1      | dvd, the Formicid Fighter, began the quest for the Orb.
     0 | D:1      | Reached XP level 1. HP: 18/18 MP: 1/1
   147 | D:1      | Reached XP level 2. HP: 24/24 MP: 3/3
   879 | D:2      | Reached XP level 3. HP: 25/30 MP: 4/4
   889 | D:2      | Reached skill level 4 in Shields
  1033 | D:2      | Reached XP level 4. HP: 37/37 MP: 5/5
  1407 | D:2      | Noticed Terence
  1429 | D:2      | You fall through a shaft!
  1805 | D:3      | Noticed dvd's ghost (average FoEE)
  1817 | D:3      | Killed from afar by dvd's ghost

Action                   |  1- 3 |  4- 6 || total
-------------------------+-------+-------++-------
Melee: War axe           |    67 |       ||    67
       Mace              |    10 |    57 ||    67
 Abil: Dig               |     2 |       ||     2
       Shaft Self        |       |     1 ||     1
  Use: Scroll            |       |     1 ||     1
       Potion            |       |     1 ||     1
  Eat: Chunk             |     1 |     3 ||     4
